 Dungeon Crawl Stone Soup version 0.22-a0-448-g1fb7470 (webtiles) character file.

4088 pk666 the Thaumaturge (level 10, -7/50 HPs)
             Began as a Deep Elf Fire Elementalist on June 4, 2018.
             Was a Priest of Vehumet.
             Killed from afar by a hell hound (21 damage)
             ... with a blast of flame
             ... on level 8 of the Dungeon.
             The game lasted 00:27:54 (8105 turns).

pk666 the Thaumaturge (Deep Elf Fire Elementalist)  Turns: 8105, Time: 00:27:55

Health: -7/50      AC:  4    Str:  5    XL:     10   Next: 5%
Magic:  34/36      EV: 13    Int: 30    God:    Vehumet [***...]
Gold:   296        SH:  0    Dex: 12    Spells: 18/31 levels left

rFire    . . .     SeeInvis .   E - +7 dagger "Adeor" {venom, Int+6 Dex-3}
rCold    . . .     Gourm    .   (no shield)
rNeg     . . .     Faith    .   a - +0 robe
rPois    +         Spirit   .   (no helmet)
rElec    .         Reflect  .   G - +0 cloak {rPois}
rCorr    .         Harm     .   (no gloves)
MR       +....                  C - +0 pair of boots
Stlth    ++........             (no amulet)
HPRegen  0.16/turn              m - ring of magical power
MPRegen  0.25/turn              (no ring)

@: about to teleport, marked
A: no striking features
a: Renounce Religion


You were on level 8 of the Dungeon.
You worshipped Vehumet.
Vehumet was most pleased with you.
You were not hungry.

You visited 1 branch of the dungeon, and saw 8 of its levels.

You collected 326 gold pieces.
You spent 30 gold pieces at shops.

Inventory:

Hand Weapons
 o - a +1 dagger of speed
 A - the +0 rapier of Mourning {pierce, rElec}
   (You found it on level 5 of the Dungeon)

   It inflicts extra damage upon your enemies.
   It insulates you from electricity.
 E - the +7 dagger "Adeor" (weapon) {venom, Int+6 Dex-3}
   (You found it on level 6 of the Dungeon)

   It poisons the flesh of those it strikes.
   It affects your intelligence (+6).
   It affects your dexterity (-3).
Armour
 a - a +0 robe (worn)
 C - a +0 pair of boots (worn)
 G - a +0 cloak of poison resistance (worn)
Jewellery
 m - a ring of magical power (left hand)
Wands
 p - a wand of acid (13)
 t - a wand of polymorph (27)
 u - a wand of scattershot (5)
Scrolls
 e - 4 scrolls of remove curse
 i - 3 scrolls of teleportation
 j - 2 scrolls of amnesia {unknown}
 k - 2 scrolls of blinking
 l - a scroll of fear {unknown}
 n - 6 scrolls of identify
 r - 2 scrolls of enchant weapon {unknown}
 v - 2 scrolls of enchant armour {unknown}
 x - a scroll of immolation {unknown}
 y - a scroll of fog {unknown}
 F - a scroll of random uselessness {unknown}
Potions
 b - 3 potions of berserk rage {unknown}
 d - 2 potions of resistance
 f - 3 potions of curing {unknown}
 g - a potion of heal wounds
 h - 3 potions of magic {unknown}
 q - a potion of haste {unknown}
 s - a potion of mutation {unknown}
 w - a potion of might {unknown}
 z - a potion of ambrosia {unknown}
 B - a potion of degeneration {unknown}
 D - 2 potions of brilliance {unknown}
Comestibles
 c - 12 rations
 H - 2 chunks of flesh


   Skills:
 - Level 3.1 Dodging
 - Level 2.4 Stealth
 + Level 11.2 Spellcasting
 + Level 9.3 Conjurations
 + Level 9.5 Fire Magic


You had 18 spell levels left.
You knew the following spells:

 Your Spells              Type           Power        Failure   Level  Hunger
a - Flame Tongue          Conj/Fire      #####        1%          1    None
b - Apportation           Tloc           ###...       3%          1    None
c - Conjure Flame         Conj/Fire      ######..     1%          3    None
d - Ignite Poison         Fire/Tmut/Pois #####...     1%          3    None
z - Fireball              Conj/Fire      ######....   1%          5    ###....

Your spell library contained the following spells:

 Spells                   Type           Power        Failure   Level  Hunger
 Throw Flame              Conj/Fire      ######       1%          2    None
 Summon Small Mammal      Summ           ###.         3%          1    None
 Animate Skeleton         Necr           N/A          3%          1    None
 Sticky Flame             Conj/Fire      ######..     1%          4    None
 Confusing Touch          Hex            ###...       3%          1    None
 Inner Flame              Hex/Fire       #####...     1%          3    None


Dungeon Overview and Level Annotations

Branches:
Dungeon (8/15)             Temple (0/1) D:6
   Lair: D:8-11

Altars:
Ashenzari
Dithmenos
Kikubaaqudgha
Sif Muna
Vehumet
Xom

Shops:
D:4 ?


Message History

Aiming: Conjure Flame (safe; 1% risk of failure)
Press: ? - help, Dir - move target cursor The fire ignites!
You puncture the hell hound!
The hell hound is moderately wounded.
The hell hound completely misses you. The hell hound breathes flames at you.
The blast of flame hits the hell hound.
The hell hound completely resists.
The blast of flame hits you! The hell hound bites you!
You barely miss the hell hound.
The hell hound is moderately wounded.
The hell hound bites you.
The crimson imp picks up a beetle and eats it.
The crimson imp blinks!
As you read the scroll of teleportation, it crumbles to dust.
You feel strangely unstable. The hell hound bites you.
* * * LOW HITPOINT WARNING * * *
The hell hound breathes flames at you. The blast of flame hits you!
You die...

#.# ##.###..... #.# #+#
#.# #..##. #.# #.# #.#
#..... #.# #.# ##.####.##.
#.##########.###..(.......
#<.......##...##..........
########.#.....#.#####.##.
#.##5..##.#####.##.
#.@hh..............
#####s###.#####.### #.#
#รท# #.# #.# #.#####.# #.#
#.......# #5# #########
#s# #.# #.#


You could see 2 hell hounds, a crimson imp and a giant cockroach.

Vanquished Creatures
  Pikel (D:6)
  Prince Ribbit (D:5)
  A dream sheep (D:5)
  Sigmund (D:3)
  A hungry ghost (D:7)
  Eustachio (D:5)
  A water moccasin (D:5)
  An ice beast (D:3)
  An orc warrior (D:6)
  2 sky beasts
  2 phantoms
  2 ogres
  2 centaurs
  A big kobold (D:7)
  A gnoll sergeant (D:7)
  2 vampire bats (D:5)
  3 howler monkeys (D:7)
  3 crimson imps
  A centaur zombie (D:5)
  2 orc priests
  4 hounds
  2 jellies
  3 orc wizards
  Crazy Yiuf (D:7)
  A bullfrog skeleton (D:5)
  3 iguanas
  Ijyb (D:3)
  Terence (D:3)
  3 worker ants
  A hound zombie (D:7)
  16 gnolls
  8 adders
  2 shadow imps
  An ooze (D:2)
  An adder zombie (D:6)
  3 worms
  4 dart slugs
  3 leopard geckos
  30 orcs
  2 ball pythons
  9 bats
  6 bat skeletons (D:5)
  7 giant cockroaches
  6 goblins
  9 hobgoblins
  7 jackals
  19 kobolds
  2 quokkas
  4 frilled lizards
  A quokka skeleton (D:4)
  12 rats
  3 fungi (D:7)
205 creatures vanquished.

Vanquished Creatures (others)
  4 dream sheep (D:5)
4 creatures vanquished.

Grand Total: 209 creatures vanquished

Notes
Turn   | Place    | Note
-------+----------+-------------------------------------------
     0 | D:1      | pk666 the Deep Elf Fire Elementalist began the quest for the Orb.
     0 | D:1      | Reached XP level 1. HP: 10/10 MP: 6/6
   157 | D:1      | Reached XP level 2. HP: 15/15 MP: 5/8
   691 | D:1      | Reached XP level 3. HP: 19/19 MP: 6/10
   770 | D:1      | Learned a level 3 spell: Conjure Flame
   902 | D:2      | Found a shattered altar of Ashenzari.
   970 | D:2      | Reached skill level 4 in Spellcasting
  1167 | D:2      | Reached XP level 4. HP: 24/24 MP: 12/12
  1929 | D:3      | Reached XP level 5. HP: 28/28 MP: 14/14
  2032 | D:3      | Found a radiant altar of Vehumet.
  2032 | D:3      | Found a shadowy altar of Dithmenos.
  2036 | D:3      | Became a worshipper of Vehumet
  2054 | D:3      | Learned a level 5 spell: Fireball
  2069 | D:3      | Noticed an ice beast
  2095 | D:3      | Killed an ice beast
  2095 | D:3      | Reached skill level 5 in Spellcasting
  2183 | D:3      | Noticed Terence
  2205 | D:3      | Reached XP level 6. HP: 18/32 MP: 1/16
  2206 | D:3      | Killed Terence
  2473 | D:3      | Noticed Ijyb
  2476 | D:3      | Noticed Sigmund
  2538 | D:3      | Killed Ijyb
  2544 | D:3      | Killed Sigmund
  2544 | D:3      | Reached skill level 6 in Spellcasting
  2544 | D:3      | Reached skill level 5 in Fire Magic
  2544 | D:3      | Reached XP level 7. HP: 17/36 MP: 14/18
  3283 | D:3      | Reached skill level 5 in Conjurations
  3459 | D:4      | Reached * piety under Vehumet
  3459 | D:4      | Offered knowledge of Freeze by Vehumet.
  3854 | D:4      | Found Ukall's Magic Scroll Shoppe.
  3862 | D:4      | Bought a scroll of teleportation for 30 gold pieces
  3918 | D:4      | Reached skill level 7 in Spellcasting
  4218 | D:5      | Entered Level 5 of the Dungeon
  4218 | D:5      | Noticed Eustachio
  4690 | D:5      | Reached XP level 8. HP: 37/41 MP: 21/21
  4745 | D:5      | Killed Eustachio
  4868 | D:5      | Noticed Prince Ribbit
  4907 | D:5      | Killed Prince Ribbit
  4907 | D:5      | Reached skill level 8 in Spellcasting
  4971 | D:5      | Learned a level 1 spell: Apportation
  5107 | D:5      | Reached ** piety under Vehumet
  5107 | D:5      | Offered knowledge of Searing Ray by Vehumet.
  5131 | D:5      | Found an ancient bone altar of Kikubaaqudgha.
  5165 | D:5      | Got a faintly glowing rapier
  5166 | D:5      | Identified the cursed +0 rapier of Mourning {pierce, rElec} (You found it on level 5 of the Dungeon)
  5198 | D:5      | Found a shimmering altar of Xom.
  5198 | D:5      | Noticed a dream sheep
  5198 | D:5      | Noticed a dream sheep
  5198 | D:5      | Noticed a dream sheep
  5198 | D:5      | Noticed a dream sheep
  5198 | D:5      | Noticed a dream sheep
  5199 | D:5      | Killed a dream sheep
  5199 | D:5      | Killed a dream sheep
  5199 | D:5      | Killed a dream sheep
  5199 | D:5      | Killed a dream sheep
  5199 | D:5      | Reached skill level 9 in Spellcasting
  5199 | D:5      | Killed a dream sheep
  5199 | D:5      | Reached XP level 9. HP: 45/45 MP: 24/24
  5674 | D:6      | Noticed Pikel
  5686 | D:6      | Killed Pikel
  5686 | D:6      | Reached skill level 10 in Spellcasting
  5752 | D:6      | Found a staircase to the Ecumenical Temple.
  6251 | D:6      | Got a pitted dagger
  6254 | D:6      | Identified the +7 dagger "Adeor" {venom, Int+6 Dex-3} (You found it on level 6 of the Dungeon)
  6869 | D:7      | Offered knowledge of Ignite Poison by Vehumet.
  6916 | D:7      | Learned a level 3 spell: Ignite Poison
  6988 | D:7      | Reached skill level 11 in Spellcasting
  7045 | D:7      | Reached *** piety under Vehumet
  7400 | D:7      | Found a deep blue altar of Sif Muna.
  7432 | D:7      | Reached XP level 10. HP: 42/50 MP: 27/27
  7735 | D:7      | Found a runed door.
  7862 | D:7      | Noticed Crazy Yiuf
  7867 | D:7      | Killed Crazy Yiuf
  8105 | D:8      | Killed from afar by a hell hound

Vault maps used:
D:1:      eino_arrival_cavern_a, st_stairs_13
D:2:      old_standard_altar
D:3:      gammafunk_temple_overflow_wave, minmay_mini_jars, uniq_terence,
          uniq_ijyb, uniq_sigmund
D:4:      serial_shops, shop
D:5:      kb_xom_exploding_sheep, kennysheep_vampire_church, first_ration,
          kennysheep_generic_room_7, uniq_eustachio, uniq_prince_ribbit1
D:6:      minmay_temple_entry_fiery, uniq_pikel
D:7:      basic_altar, uniq_crazy_yiuf_cottage
D:8:      kennysheep_little_box, nicolae_qazlal_style_of_elements,
          minmay_lair_entry_lava

Skill      XL: |  1  2  3  4  5  6  7  8  9 |
---------------+----------------------------+-----
Conjurations   | 2 3 4 5 7 9 |  9.3
Dodging        | 3 |  3.1
Spellcasting   | 4 5 6 7 9 11 | 11.2
Fire Magic     | 4 5 6 7 9 |  9.5
Stealth        | |  2.4

Action                   |  1- 3 |  4- 6 |  7- 9 | 10-12 || total
-------------------------+-------+-------+-------+-------++-------
Melee: Unarmed           |     2 |       |       |       ||     2
       Dagger            |       |     3 |    25 |     4 ||    32
       Rapier            |       |       |    15 |       ||    15
 Cast: Flame Tongue      |    62 |   101 |   298 |     9 ||   470
       Conjure Flame     |       |     6 |    13 |     1 ||    20
       Fireball          |       |       |    15 |     3 ||    18
  Use: Scroll            |       |     1 |     4 |     1 ||     6
       Potion            |       |     2 |     1 |       ||     3
  Eat: Chunk             |     1 |     4 |    17 |       ||    22
       Ration            |       |       |       |     1 ||     1
Armor: Robe              |     8 |     8 |    20 |       ||    36
Dodge: Dodged            |    13 |    21 |    94 |     4 ||   132

Table legend:
 A = Spawn XP
 B = Non-spawn XP
 C = Spawn XP percentage of total XP
 D = Spawn monster count
 E = Non-spawn monster count
 F = Spawn count percentage of total count
 G = Total turns spent on level
                    A         B        C        D         E        F      G
               +---------+---------+-------+---------+---------+-------+---------
         Total |       0 |    5840 |   0.0 |       0 |     206 |   0.0 |  8105
               +---------+---------+-------+---------+---------+-------+---------
           D:1 |       0 |      43 |   0.0 |       0 |      24 |   0.0 |   793
           D:2 |       0 |     134 |   0.0 |       0 |      31 |   0.0 |  1050
           D:3 |       0 |     682 |   0.0 |       0 |      38 |   0.0 |  1583
           D:4 |       0 |     245 |   0.0 |       0 |      27 |   0.0 |  1110
           D:5 |       0 |    2017 |   0.0 |       0 |      31 |   0.0 |   802
           D:6 |       0 |    1233 |   0.0 |       0 |      16 |   0.0 |  1142
           D:7 |       0 |    1327 |   0.0 |       0 |      36 |   0.0 |  1498
           D:8 |       0 |     159 |   0.0 |       0 |       3 |   0.0 |   127
               +---------+---------+-------+---------+---------+-------+---------
